 Dungeon Crawl Stone Soup version 0.16-a0-3596-g438c78e (webtiles) character file.

53799 PolkaDot the Black Belt (level 14, -3/127 HPs)
             Began as a Demonspawn Monk on Jan 12, 2015.
             Was an Elder of Jiyva.
             Slain by a hippogriff (5 damage)
             ... on level 8 of the Lair of Beasts.
             The game lasted 01:15:22 (22550 turns).

PolkaDot the Black Belt (Demonspawn Monk)          Turns: 22550, Time: 01:15:22

Health: -3/127     AC: 11    Str: 10    XL:     14   Next: 32%
Magic:  14/14      EV: 10    Int: 11    God:    Jiyva [****..]
Gold:   1309       SH:  0    Dex: 23    Spells: 0 memorised, 13 levels left

rFire  + . .     SeeInvis .       - Unarmed
rCold  + + .     Rnd*Rage +     b - +0 storm dragon armour
rNeg   . . .     SustAb   .     (no shield)
rPois  .         Gourm    .     (helmet unavailable)
rElec  +         Spirit   .     I - +2 cloak
rCorr  +         Warding  .     (no gloves)
rMut   .         Stasis   .     e - +1 pair of boots
MR     ++...                    (no amulet)
Stlth  ..........               p - ring of protection from cold
                                r - ring of protection from cold

@: very resistant to hostile enchantments, extremely unstealthy
A: claws 2, horns 3, talons 2, berserk 1, demonic guardian 1, fire resistance 1,
magic resistance 1, robust 1, shaggy fur 1, spit poison 1, pseudopods 1,
evolution 1, rot immunity
a: Spit Poison, Request Jelly, Jelly Paralyse, Slimify, Renounce Religion


You were on level 8 of the Lair of Beasts.
You worshipped Jiyva.
Jiyva was greatly pleased with you.
You were hungry.

You visited 3 branches of the dungeon, and saw 24 of its levels.
You also visited: Sewer and Ossuary.

You collected 1309 gold pieces.

Inventory:

Missiles
 a - a throwing net (quivered)
Armour
 b - a +0 storm dragon armour (worn)
 e - a +1 pair of boots (worn)
 I - a +2 cloak (worn)
Jewellery
 p - a ring of protection from cold (right claw)
 r - a ring of protection from cold (left claw)
 M - an uncursed amulet of stasis
 U - an uncursed ring of see invisible
Magical devices
 g - a wand of polymorph (2)
 q - a wand of heal wounds (0)
 t - a wand of disintegration (16)
 w - a wand of fireball (1)
 E - a wand of digging (8)
 H - a wand of enslavement (14)
 T - a wand of invisibility (5)
 W - a wand of slowing (24)
 X - a wand of disintegration (0)
Scrolls
 c - 5 scrolls of fog
 h - a scroll of silence {unknown}
 y - 4 scrolls of immolation
 B - 9 scrolls of remove curse
 F - 2 scrolls of recharging
 G - 5 scrolls of teleportation
 J - 3 scrolls of amnesia
 L - 2 scrolls of magic mapping
 P - a scroll of brand weapon {unknown}
 Q - a scroll of fear
 V - a scroll of vulnerability {unknown}
 Z - a scroll of holy word {unknown}
Potions
 d - 6 potions of curing
 j - a potion of resistance
 k - 3 potions of restore abilities
 u - 5 potions of brilliance
 v - 2 potions of flight
 N - a potion of cancellation
 Y - a potion of experience {unknown}
Books
 K - a Grand Grimoire {highlevel, unknown}

   This book is beyond your current level of understanding.

   Spells                             Type                      Level
   a - Aura of Abjuration             Summoning                    6
   b - Forceful Dismissal             Summoning                    6
   c - Summon Greater Demon           Summoning                    7
   d - Malign Gateway                 Summoning/Translocation      7
   e - Summon Horrible Things         Summoning                    8


   Skills:
 + Level 12.6 Fighting
 * Level 0.6 Armour
 - Level 11.9 Dodging
 - Level 1.7 Stealth
 + Level 16.2 Unarmed Combat


You had 13 spell levels left.
You didn't know any spells.

Dungeon Overview and Level Annotations

Branches:
Dungeon (10/15)            Temple (0/1) D:7            Lair (8/8) D:9
 Shoals (0/5) Lair:4       Spider (0/5) Lair:3        Slime (6/6) Lair:7
    Orc: D:9-12

Altars:
Xom
Jiyva

Shops:
D:8 *   D:10 ?

Annotations:
Slime:6 Royal Jelly


Innate Abilities, Weirdness & Mutations

You have very sharp fingernails.
You have a pair of large horns on your head.
You have razor-sharp toenails.
A weak demonic guardian rushes to your aid.
You are immune to rotting.
You tend to lose your temper in combat.
Your flesh is heat resistant.
You are resistant to hostile enchantments.
You are robust (+10% HP).
You are covered in fur (AC +1).
You can spit poison.
Armour fits poorly on your pseudopods.
You evolve.


Message History

The sheep bites you.
* * * LOW HITPOINT WARNING * * *
You scratch the sheep.
You kill the sheep!
The basilisk gazes at you. You resist with almost no effort.
The griffon bites you.
* * * LOW HITPOINT WARNING * * *
The griffon pecks you but does no damage.
The griffon claws you but does no damage.
You claw the basilisk!
You kill the basilisk!
The griffon bites you but does no damage.
The griffon pecks you.
* * * LOW HITPOINT WARNING * * *
The griffon claws you but does no damage.
The fire drake breathes flames at you. The blast of flame hits you! You resist.
* * * LOW HITPOINT WARNING * * *
The hippogriff bites you.
You die...

.................................
...........P.J...................
.###..###.PP.....................
## #### ###............ .....P##.
###.....................
#....................#..
#....................#..
##.......................
#.......@................
##.^..kHH........<.......
#.....YY..........(P....
#...†.#..........#......
#####...#####...........
#..#.....##..........
#........###P..#P.... #.........#
#.........
#..........######.P....


You could see a griffon, a yak, a hippogriff, a fire drake, a sheep and a
neutral jelly (fellow slime).

Vanquished Creatures
  A fire dragon (Lair:8)
  6 hydras
  Fannar (Lair:6)
  Erica (D:10)
  13 death yaks
  Urug (D:10)
  Nergalle (Lair:6)
  Erolcha (D:9)
  A fire crab (Lair:5)
  A hill giant (D:10)
  Pikel (D:5)
  An oklob plant (Lair:5)
  A manticore (Lair:4)
  2 griffons
  4 elephants (Lair:7)
  2 black mambas
  A gargoyle (D:10)
  A torpor snail (Lair:8)
  7 spiny frogs
  7 komodo dragons
  A troll (D:9)
  9 fire drakes
  Sonja (D:10)
  A boulder beetle (Lair:5)
  28 blink frogs
  3 basilisks (Lair:8)
  3 trapdoor spiders
  2 wyverns
  32 yaks
  10 hippogriffs
  3 steam dragons
  A mottled dragon (Lair:8)
  3 wolves (Lair:7)
  Edmund (D:5)
  4 sky beasts
  15 water moccasins
  A slave (D:5)
  14 porcupines
  A black bear (D:10)
  2 swamp drakes (Lair:8)
  4 ice beasts
  5 centaurs
  3 orc warriors
  2 phantoms
  A boring beetle (Lair:3)
  16 crocodiles
  3 ogres
  Sigmund (D:5)
  9 big kobolds
  17 giant frogs
  A gnoll sergeant (D:8)
  A scorpion (D:7)
  An electric eel (D:10)
  4 killer bees (D:9)
  4 wights (D:8)
  4 goliath beetles
  2 quasits (D:8)
  2 crimson imps
  5 orc priests
  A wasp zombie (D:9)
  A centaur zombie (D:7)
  12 hounds
  Crazy Yiuf (D:5)
  2 giant frog zombies
  3 jellies
  17 orc wizards
  12 worker ants
  A giant frog skeleton (D:5)
  13 iguanas
  A big kobold zombie (Ossuary)
  Ijyb (D:5)
  Jessica (D:2)
  24 sheep
  A hound zombie (D:7)
  Terence (D:2)
  A hound skeleton (D:8)
  7 mummies
  2 worker ant zombies
  Robin (D:2)
  33 adders
  17 gnolls
  28 river rats
  2 giant mites
  A shadow imp (D:7)
  2 worms
  An adder skeleton (D:5)
  11 giant geckos
  4 oozes
  46 orcs
  13 bats
  A bat skeleton (D:7)
  A bat zombie (D:1)
  19 goblins
  13 hobgoblins
  10 jackals
  10 quokkas
  5 ball pythons
  A ball python zombie (D:1)
  6 giant cockroaches
  A giant gecko skeleton (D:4)
  2 giant newts
  A goblin zombie (D:4)
  A jackal skeleton (D:4)
  45 kobolds
  A kobold zombie (Ossuary)
  An orc zombie (Ossuary)
  A quokka zombie (D:4)
  33 rats
  A butterfly (Lair:6)
  A plant (Lair:8)
689 creatures vanquished.

Vanquished Creatures (collateral kills)
  3 death yaks
  A griffon (Lair:4)
  A komodo dragon (Lair:4)
  2 blink frogs
  A basilisk (Lair:8)
  A trapdoor spider (Lair:3)
  A wolf (Lair:7)
  A swamp drake (Lair:8)
  A crocodile (Lair:8)
  An ogre (D:5)
  An orc wizard (D:6)
  2 sheep (Lair:6)
  2 mummies (Ossuary)
  A bat skeleton (D:5)
  A gnoll zombie (Ossuary)
  3 kobolds (D:8)
  3 hobgoblin zombies (Ossuary)
  An orc zombie (Ossuary)
  A rat (D:8)
  A spectral orc (Lair:6)
29 creatures vanquished.

Vanquished Creatures (others)
  4 acid blobs
  A death ooze (Slime:6)
  4 great orbs of eyes
  An eye of devastation (Slime:6)
  46 slime creatures
  A wolf (Lair:7)
  4 eyes of draining
  27 crimson imps
  28 jellies
  18 iron imps
  23 quasits
  4 sheep (Lair:8)
  A hound zombie (D:5)
  17 white imps
  26 ufetubi
  A goblin (D:5)
  7 fungi
  5 plants (Lair:5)
218 creatures vanquished.

Grand Total: 936 creatures vanquished

Notes
Turn   | Place    | Note
--------------------------------------------------------------
     0 | D:1      | PolkaDot, the Demonspawn Monk, began the quest for the Orb.
     0 | D:1      | Reached XP level 1. HP: 18/18 MP: 1/1
   114 | D:1      | Gained mutation: You have sharp fingernails. [demonic ancestry]
   114 | D:1      | Reached XP level 2. HP: 12/24 MP: 2/2
   666 | D:1      | Reached skill level 4 in Unarmed Combat
   901 | D:2      | Noticed Terence
   902 | D:2      | Gained mutation: You tend to lose your temper in combat. [potion of mutation]
   902 | D:2      | Gained mutation: You often lose your temper in combat. [potion of mutation]
   902 | D:2      | Gained mutation: You are covered in fur (AC +1). [potion of mutation]
   903 | D:2      | Gained mutation: You are resistant to hostile enchantments. [potion of mutation]
   903 | D:2      | Gained mutation: You can breathe flames. [potion of mutation]
   903 | D:2      | Gained mutation: You can spit poison. [potion of mutation]
   921 | D:2      | Killed Terence
   921 | D:2      | Gained mutation: A weak demonic guardian rushes to your aid. [demonic ancestry]
   921 | D:2      | Reached XP level 3. HP: 15/29 MP: 3/3
  1091 | D:2      | Noticed Robin
  1102 | D:2      | Killed Robin
  1102 | D:2      | Gained mutation: You have sharp toenails. [demonic ancestry]
  1102 | D:2      | Reached XP level 4. HP: 19/35 MP: 4/4
  1584 | D:2      | Noticed Jessica
  1605 | D:2      | Killed Jessica
  1605 | D:2      | Reached skill level 5 in Unarmed Combat
  1605 | D:2      | Gained mutation: You have a pair of small horns on your head. [demonic ancestry]
  1605 | D:2      | Reached XP level 5. HP: 25/41 MP: 5/5
  2586 | D:3      | Reached XP level 6. HP: 48/48 MP: 6/6
  2951 | D:4      | Found a sand-covered staircase.
  2970 | Ossuary  | Entered an ossuary
  3360 | D:4      | Reached skill level 6 in Unarmed Combat
  3448 | D:4      | Gained mutation: You have very sharp fingernails. [demonic ancestry]
  3448 | D:4      | Reached XP level 7. HP: 16/55 MP: 7/7
  4489 | D:5      | Entered Level 5 of the Dungeon
  4490 | D:5      | Noticed Ijyb
  4598 | D:5      | Identified a scroll of acquirement
  4657 | D:5      | Found a glowing drain.
  4749 | Sewer    | Entered a sewer
  4880 | Sewer    | Reached skill level 5 in Fighting
  5007 | Sewer    | Reached skill level 7 in Unarmed Combat
  5339 | D:5      | Noticed Pikel
  5351 | D:5      | Killed Pikel
  5351 | D:5      | Reached skill level 5 in Dodging
  5351 | D:5      | Gained mutation: You are immune to rotting. [demonic ancestry]
  5351 | D:5      | Reached XP level 8. HP: 64/64 MP: 8/8
  5468 | D:5      | Reached skill level 8 in Unarmed Combat
  5504 | D:5      | Killed Ijyb
  6259 | D:5      | Noticed Sigmund
  6273 | D:5      | Killed Sigmund
  6339 | D:5      | Noticed Edmund
  6352 | D:5      | Killed Edmund
  6352 | D:5      | Gained mutation: You have a pair of horns on your head. [demonic ancestry]
  6352 | D:5      | Reached XP level 9. HP: 64/71 MP: 9/9
  6557 | D:5      | Noticed Crazy Yiuf
  6563 | D:5      | Killed Crazy Yiuf
  7103 | D:6      | Reached skill level 9 in Unarmed Combat
  8450 | D:7      | Identified Iskenderun's Collected Works on Arcane Weapons
  8720 | D:7      | Found a staircase to the Ecumenical Temple.
  9104 | D:8      | Reached skill level 10 in Unarmed Combat
  9330 | D:8      | Found Ojipail's General Store.
  9432 | D:8      | Reached XP level 10. HP: 35/80 MP: 10/10
 10152 | D:8      | HP: 4/80 [steam dragon (3)]
 11233 | D:9      | Found a shimmering altar of Xom.
 11452 | D:9      | Noticed Erolcha
 11460 | D:9      | Killed Erolcha
 11460 | D:9      | Reached skill level 11 in Unarmed Combat
 11471 | D:9      | Found a staircase to the Lair.
 11740 | D:10     | Entered Level 10 of the Dungeon
 11762 | D:10     | Noticed Erica
 11776 | D:10     | Killed Erica
 11983 | D:10     | Noticed a hill giant
 11993 | D:10     | Killed a hill giant
 12021 | D:10     | Gained mutation: You are robust (+10% HP). [mutagenic meat]
 12022 | D:10     | Gained mutation: Your mind is acute. (Int +2) [mutagenic meat]
 12023 | D:10     | Gained mutation: You have a pair of large horns on your head. [mutagenic meat]
 12109 | D:10     | Mutation became permanent: You have a pair of large horns on your head. [demonic ancestry]
 12109 | D:10     | Reached XP level 11. HP: 82/95 MP: 11/11
 12393 | D:10     | Noticed Urug
 12412 | D:10     | Killed Urug
 12679 | D:10     | Found Arufuel's Magic Scroll Emporium.
 12690 | D:10     | Noticed Sonja
 12705 | D:10     | Killed Sonja
 12705 | D:10     | Reached skill level 12 in Unarmed Combat
 12967 | D:10     | Noticed a three-headed hydra
 12984 | D:10     | Gained mutation: Your flesh is heat resistant. [potion of beneficial mutation]
 13000 | D:10     | Killed a three-headed hydra
 13331 | Lair:1   | Entered Level 1 of the Lair of Beasts
 13984 | Lair:2   | Noticed a seven-headed hydra
 13987 | Lair:2   | Noticed an eight-headed hydra
 13992 | Lair:2   | Killed a seven-headed hydra
 14002 | Lair:2   | Killed an eight-headed hydra
 15004 | Lair:3   | Reached skill level 10 in Fighting
 15014 | Lair:3   | Found a hole to the Spider Nest.
 15180 | Lair:3   | Reached skill level 13 in Unarmed Combat
 15396 | Lair:3   | Reached XP level 12. HP: 106/106 MP: 12/12
 15406 | Lair:3   | Identified the Papyrus of the Glacier and Calling (You found it on level 3 of the Lair of Beasts)
 16385 | Lair:4   | Found a staircase to the Shoals.
 16398 | Lair:4   | Reached skill level 10 in Dodging
 16916 | Lair:5   | Reached skill level 14 in Unarmed Combat
 17082 | Lair:5   | Noticed a four-headed hydra
 17089 | Lair:5   | Killed a four-headed hydra
 17191 | Lair:5   | Noticed a four-headed hydra
 17243 | Lair:5   | Killed a four-headed hydra
 17606 | Lair:5   | Gained mutation: You have razor-sharp toenails. [demonic ancestry]
 17606 | Lair:5   | Reached XP level 13. HP: 37/116 MP: 13/13
 18401 | Lair:6   | Noticed Nergalle
 18444 | Lair:6   | Killed Nergalle
 18741 | Lair:6   | Noticed Fannar
 19470 | Lair:6   | Killed Fannar
 19470 | Lair:6   | Reached skill level 15 in Unarmed Combat
 20044 | Lair:7   | Found a staircase to the Slime Pits.
 20044 | Lair:7   | Found a viscous altar of Jiyva.
 20058 | Lair:7   | Became a worshipper of Jiyva Jofey the Shapeless
 20058 | Lair:7   | Acquired Jiyva's first power
 20058 | Lair:7   | Acquired Jiyva's second power
 20061 | Slime:1  | Entered Level 1 of the Pits of Slime
 20114 | Slime:1  | Noticed an acid blob
 20137 | Slime:1  | Noticed an acid blob
 20208 | Slime:4  | Noticed an acid blob
 20208 | Slime:4  | Noticed an acid blob
 20271 | Slime:5  | Noticed an azure jelly
 20280 | Slime:6  | Entered Level 6 of the Pits of Slime
 20291 | Slime:6  | Noticed an azure jelly
 20291 | Slime:6  | Noticed an acid blob
 20297 | Slime:6  | Found a viscous altar of Jiyva.
 20299 | Slime:6  | Noticed the royal jelly
 20315 | Slime:6  | Noticed an acid blob
 20330 | Slime:6  | Noticed an acid blob
 20342 | Slime:6  | Killed an acid blob
 20360 | Slime:6  | Killed an acid blob
 20391 | Slime:6  | Noticed an acid blob
 20458 | Slime:6  | Killed an acid blob
 20521 | Slime:4  | Killed an acid blob
 20525 | Slime:3  | Found a viscous altar of Jiyva.
 20525 | Slime:3  | Noticed an azure jelly
 20525 | Slime:3  | Noticed an azure jelly
 20530 | Slime:2  | Noticed an azure jelly
 20718 | Lair:7   | Lost mutation: Your mind is acute. (Int +2) [Jiyva's grace]
 21088 | Lair:7   | Acquired Jiyva's third power
 21088 | Lair:7   | Lost mutation: You can breathe flames. [Jiyva's grace]
 21405 | Lair:8   | Entered Level 8 of the Lair of Beasts
 21437 | Lair:8   | Acquired Jiyva's fourth power
 21518 | Lair:8   | Reached XP level 14. HP: 127/127 MP: 14/14
 21525 | Lair:8   | Gained mutation: Armour fits poorly on your pseudopods. [Jiyva's grace]
 21684 | Lair:8   | Gained mutation: Armour fits poorly on your large pseudopods. [Jiyva's grace]
 21758 | Lair:8   | Reached skill level 16 in Unarmed Combat
 22139 | Lair:8   | Gained mutation: You evolve. [Jiyva's grace]
 22344 | Lair:8   | HP: 5/127 [komodo dragon (14)]
 22354 | Lair:8   | Lost mutation: You often lose your temper in combat. [Jiyva's power]
 22359 | Lair:8   | Lost mutation: Armour fits poorly on your large pseudopods. [Jiyva's grace]
 22435 | Lair:8   | HP: 4/127 [spiny frog (9)]
 22550 | Lair:8   | HP: 2/127 [fire drake/blast of flame (6)]
 22550 | Lair:8   | Slain by a hippogriff

Action                   |  1- 3 |  4- 6 |  7- 9 | 10-12 | 13-15 || total
-------------------------+-------+-------+-------+-------+-------++-------
Melee: Unarmed           |    83 |   195 |   569 |   813 |   676 ||  2336
Invok: Request Jelly     |       |       |       |       |     2 ||     2
       Jelly Paralyse    |       |       |       |       |     1 ||     1
       Cure Bad Mutation |       |       |       |       |     3 ||     3
 Abil: Spit Poison       |     1 |       |     1 |       |       ||     2
Evoke: Wand              |       |       |       |    25 |     5 ||    30
  Use: Potion            |     3 |     2 |     1 |    20 |     9 ||    35
       Scroll            |       |     8 |    12 |     8 |     9 ||    37
 Stab: Sleeping          |     1 |    14 |    24 |    14 |     2 ||    55
       Distracted        |       |     2 |     1 |     6 |     5 ||    14
  Eat: Chunk             |     1 |     7 |    24 |    27 |    13 ||    72
       Bread ration      |       |     1 |       |     1 |       ||     2
       Pizza             |       |       |       |     1 |       ||     1
       Fruit             |       |       |       |       |     1 ||     1
